[ AOE2 MATCH · #507040231 ]
UnrankedTupi vs Celts
Player's team · LOSS
Rival team · WIN
[ REPLAY ANALYSIS · EXTRACTED FROM THE RECORDED GAME ]
Feudal
10:56
Castle
25:33
Imperial
—
| APM avg | 55.6 |
| APM peak | 78 |
| eAPM avg | 29.8 |
| Villagers / military | 72 / 19 |
Focus
⚔️ 44.7% · 🌾 55.3%
Unknown (2550) ×16 · Archer ×14 · Unknown (2579) ×5 · Skirmisher ×4 · Spearman ×1
Feudal
9:21
Castle
23:12
Imperial
—
| APM avg | 63.5 |
| APM peak | 94 |
| eAPM avg | 32.2 |
| Villagers / military | 67 / 35 |
Focus
⚔️ 52.6% · 🌾 47.4%
Militia ×25 · Skirmisher ×6 · Battering Ram ×4
Match map
Initial resources + every placement click. Lines = walls · curves = elevation contours. ◆ gold · ⬟ stone · ● berries · ✦ relic · ◌ wall gap
Your base· Open — 5t gap
Clearlove's base· ✓ Closed at 23:12 · 18t walls · 1 gate(s)
Smoothed initial terrain · ◌ = detected wall gap · hover for details
Inputs per minute
— Lina - - Clearlove
Build order — Lina
First 150 of 193 actions detected
| 0:00 | Create | Villager (Male) |
| 0:01 | Create | Villager (Male) |
| 0:02 | Build | House |
| 0:03 | Build | House |
| 0:08 | Create | Villager (Male) |
| 0:11 | Create | Villager (Male) |
| 0:23 | Build | Barracks |
| 0:59 | Create | Villager (Male) |
| 1:15 | Build | Barracks |
| 1:38 | Create | Villager (Male) |
| 2:05 | Create | Villager (Male) |
| 2:40 | Create | Villager (Male) |
| 2:50 | Create | Unit 2550 |
| 2:56 | Create | Villager (Male) |
| 3:10 | Build | House |
| 3:14 | Create | Villager (Male) |
| 3:28 | Create | Villager (Male) |
| 4:06 | Create | Villager (Male) |
| 4:08 | Create | Unit 2550 |
| 4:36 | Create | Villager (Male) |
| 4:45 | Build | House |
| 4:50 | Create | Villager (Male) |
| 4:52 | Create | Villager (Male) |
| 5:06 | Create | Villager (Male) |
| 5:30 | Create | Villager (Male) |
| 5:37 | Create | Villager (Male) |
| 5:59 | Create | Villager (Male) |
| 6:14 | Create | Villager (Male) |
| 6:21 | Build | Settlement |
| 6:21 | Create | Villager (Male) |
| 6:24 | Create | Villager (Male) |
| 6:34 | Create | Villager (Male) |
| 7:18 | Create | Villager (Male) |
| 7:36 | Create | Villager (Male) |
| 7:44 | Create | Villager (Male) |
| 7:48 | Build | Settlement |
| 7:56 | Create | Villager (Male) |
| 8:05 | Research | Loom |
| 8:39 | Research | Feudal Age |
| 8:58 | Create | Unit 2550 |
| 8:58 | Create | Unit 2550 |
| 9:06 | Build | Palisade Wall |
| 9:13 | Build | Palisade Wall |
| 9:14 | Build | Palisade Wall |
| 9:42 | Build | Palisade Wall |
| 9:43 | Build | Palisade Wall |
| 9:54 | Build | Palisade Wall |
| 10:03 | Build | House |
| 10:15 | Create | Villager (Male) |
| 10:22 | Build | Settlement |
| 10:23 | Create | Villager (Male) |
| 10:28 | Create | Villager (Male) |
| 10:56 | Age | Feudal Age |
| 11:00 | Create | Spearman |
| 11:07 | Build | Palisade Wall |
| 11:11 | Build | Palisade Wall |
| 11:14 | Build | Palisade Wall |
| 11:14 | Create | Villager (Male) |
| 11:16 | Build | Palisade Wall |
| 11:21 | Create | Villager (Male) |
| 11:27 | Create | Villager (Male) |
| 11:30 | Create | Villager (Male) |
| 11:34 | Create | Villager (Male) |
| 11:43 | Create | Villager (Male) |
| 11:47 | Build | Archery Range |
| 11:52 | Build | Archery Range |
| 11:53 | Create | Villager (Male) |
| 12:16 | Build | Farm |
| 12:19 | Research | Double-Bit Axe |
| 12:21 | Create | Unit 2550 |
| 12:21 | Create | Unit 2550 |
| 12:25 | Create | Villager (Male) |
| 12:30 | Build | Watch Tower |
| 12:32 | Create | Villager (Male) |
| 12:37 | Build | Watch Tower |
| 12:44 | Build | Farm |
| 12:44 | Build | Farm |
| 12:48 | Build | Farm |
| 13:05 | Create | Skirmisher |
| 13:05 | Create | Skirmisher |
| 13:10 | Research | Tech 1402 |
| 13:14 | Create | Villager (Male) |
| 13:22 | Build | Palisade Wall |
| 13:37 | Create | Villager (Male) |
| 13:39 | Build | Farm |
| 13:41 | Build | Farm |
| 13:49 | Build | Palisade Wall |
| 13:57 | Create | Unit 2550 |
| 13:59 | Create | Skirmisher |
| 14:01 | Build | Farm |
| 14:12 | Build | Palisade Wall |
| 14:14 | Create | Unit 2550 |
| 14:28 | Create | Unit 2550 |
| 14:33 | Create | Villager (Male) |
| 15:01 | Create | Villager (Male) |
| 15:02 | Create | Villager (Male) |
| 15:07 | Build | Palisade Wall |
| 15:12 | Create | Villager (Male) |
| 15:31 | Build | Farm |
| 15:33 | Build | Farm |
| 15:34 | Create | Unit 2550 |
| 16:01 | Create | Unit 2550 |
| 16:18 | Create | Unit 2550 |
| 16:20 | Build | Farm |
| 16:21 | Build | Farm |
| 16:21 | Build | Farm |
| 16:21 | Build | Farm |
| 16:21 | Build | Farm |
| 16:42 | Create | Villager (Male) |
| 16:47 | Build | Watch Tower |
| 17:02 | Create | Unit 2550 |
| 17:14 | Build | Farm |
| 17:24 | Create | Villager (Male) |
| 17:43 | Create | Villager (Male) |
| 17:45 | Build | Palisade Wall |
| 17:54 | Create | Villager (Male) |
| 18:00 | Create | Villager (Male) |
| 18:05 | Build | House |
| 18:10 | Build | Palisade Wall |
| 18:22 | Build | Farm |
| 18:47 | Create | Villager (Male) |
| 18:54 | Create | Skirmisher |
| 19:00 | Create | Villager (Male) |
| 19:01 | Create | Unit 2550 |
| 19:04 | Build | House |
| 19:34 | Create | Villager (Male) |
| 19:47 | Create | Villager (Male) |
| 19:53 | Build | Blacksmith |
| 19:54 | Create | Unit 2550 |
| 19:54 | Create | Unit 2550 |
| 20:00 | Build | Palisade Wall |
| 20:02 | Create | Villager (Male) |
| 20:04 | Build | Farm |
| 20:17 | Build | House |
| 20:20 | Build | Palisade Wall |
| 20:22 | Build | Palisade Wall |
| 20:25 | Create | Villager (Male) |
| 20:36 | Create | Villager (Male) |
| 20:49 | Create | Villager (Male) |
| 20:56 | Research | Fletching |
| 21:01 | Create | Villager (Male) |
| 21:08 | Build | Palisade Wall |
| 21:09 | Build | Palisade Wall |
| 21:11 | Create | Villager (Male) |
| 21:34 | Create | Villager (Male) |
| 21:43 | Build | Market |
| 21:58 | Build | House |
| 22:00 | Build | House |
| 22:07 | Create | Villager (Male) |
| 22:19 | Create | Villager (Male) |
Build order — Clearlove
First 150 of 213 actions detected
| 0:00 | Create | Villager (Male) |
| 0:00 | Create | Villager (Male) |
| 0:00 | Create | Villager (Male) |
| 0:02 | Build | House |
| 0:03 | Build | House |
| 0:06 | Create | Villager (Male) |
| 1:24 | Create | Villager (Male) |
| 1:24 | Create | Villager (Male) |
| 1:51 | Build | Lumber Camp |
| 2:00 | Create | Villager (Male) |
| 2:00 | Create | Villager (Male) |
| 2:13 | Create | Villager (Male) |
| 2:56 | Create | Villager (Male) |
| 3:14 | Create | Villager (Male) |
| 3:15 | Create | Villager (Male) |
| 3:37 | Create | Villager (Male) |
| 3:49 | Build | House |
| 3:50 | Build | House |
| 4:00 | Create | Villager (Male) |
| 4:14 | Build | House |
| 4:35 | Create | Villager (Male) |
| 4:37 | Create | Villager (Male) |
| 4:51 | Create | Villager (Male) |
| 5:31 | Build | Barracks |
| 5:46 | Create | Villager (Male) |
| 6:14 | Create | Villager (Male) |
| 6:14 | Research | Loom |
| 6:28 | Build | House |
| 6:50 | Build | Palisade Wall |
| 7:11 | Research | Feudal Age |
| 7:45 | Build | Mining Camp |
| 7:52 | Create | Militia |
| 8:05 | Build | Mill |
| 8:07 | Create | Militia |
| 8:54 | Create | Militia |
| 9:05 | Create | Villager (Male) |
| 9:21 | Age | Feudal Age |
| 9:24 | Create | Villager (Male) |
| 9:25 | Research | Double-Bit Axe |
| 9:43 | Build | Farm |
| 9:58 | Build | Farm |
| 10:00 | Build | Farm |
| 10:02 | Build | Farm |
| 10:07 | Create | Villager (Male) |
| 10:13 | Build | Palisade Wall |
| 10:15 | Build | Palisade Wall |
| 10:16 | Build | House |
| 10:20 | Create | Villager (Male) |
| 10:27 | Build | Farm |
| 10:45 | Research | Man-at-Arms (upgrade) |
| 10:51 | Build | Farm |
| 11:00 | Create | Villager (Male) |
| 11:24 | Build | Farm |
| 11:24 | Create | Villager (Male) |
| 11:25 | Create | Villager (Male) |
| 11:26 | Build | Farm |
| 11:49 | Create | Villager (Male) |
| 11:53 | Build | Archery Range |
| 11:57 | Create | Villager (Male) |
| 12:09 | Create | Villager (Male) |
| 12:16 | Create | Militia |
| 12:21 | Build | Farm |
| 12:43 | Create | Militia |
| 12:47 | Build | Farm |
| 12:47 | Create | Villager (Male) |
| 12:49 | Build | Farm |
| 12:51 | Build | House |
| 12:53 | Create | Skirmisher |
| 13:10 | Create | Villager (Male) |
| 13:16 | Create | Skirmisher |
| 13:18 | Build | House |
| 13:20 | Build | Farm |
| 13:32 | Create | Villager (Male) |
| 13:37 | Build | Palisade Wall |
| 13:40 | Build | Palisade Gate |
| 13:45 | Create | Skirmisher |
| 13:50 | Create | Villager (Male) |
| 13:59 | Build | House |
| 14:04 | Build | House |
| 14:05 | Build | Palisade Wall |
| 14:10 | Create | Villager (Male) |
| 14:15 | Create | Skirmisher |
| 14:22 | Create | Villager (Male) |
| 14:25 | Build | Farm |
| 14:27 | Build | House |
| 14:39 | Research | Arson |
| 14:45 | Create | Skirmisher |
| 14:53 | Create | Villager (Male) |
| 14:55 | Build | Farm |
| 15:06 | Create | Militia |
| 15:15 | Build | Blacksmith |
| 15:32 | Create | Skirmisher |
| 15:39 | Build | House |
| 15:48 | Create | Villager (Male) |
| 15:58 | Create | Militia |
| 16:04 | Build | House |
| 16:06 | Build | Farm |
| 16:07 | Build | Farm |
| 16:10 | Research | Fletching |
| 16:24 | Create | Militia |
| 16:26 | Build | Farm |
| 16:34 | Create | Villager (Male) |
| 16:44 | Create | Militia |
| 16:48 | Create | Villager (Male) |
| 16:58 | Create | Militia |
| 17:04 | Create | Villager (Male) |
| 17:21 | Create | Villager (Male) |
| 17:22 | Build | House |
| 17:24 | Build | Farm |
| 17:26 | Research | Wheelbarrow |
| 17:26 | Research | Wheelbarrow |
| 17:29 | Build | House |
| 17:40 | Create | Villager (Male) |
| 17:42 | Build | House |
| 17:46 | Build | Farm |
| 17:48 | Build | House |
| 18:01 | Build | House |
| 18:16 | Build | House |
| 18:32 | Build | Palisade Wall |
| 18:33 | Build | House |
| 18:36 | Build | Palisade Wall |
| 19:02 | Build | House |
| 19:03 | Build | Palisade Wall |
| 19:04 | Build | House |
| 19:08 | Create | Villager (Male) |
| 19:10 | Build | Palisade Wall |
| 19:12 | Build | House |
| 19:22 | Build | Market |
| 19:57 | Build | House |
| 19:59 | Build | Mining Camp |
| 20:01 | Create | Villager (Male) |
| 20:32 | Research | Castle Age |
| 20:33 | Research | Castle Age |
| 20:35 | Build | Palisade Wall |
| 20:37 | Build | Palisade Wall |
| 20:41 | Build | House |
| 20:43 | Build | Lumber Camp |
| 20:55 | Create | Militia |
| 21:07 | Research | Scale Mail Armor |
| 21:15 | Build | House |
| 21:18 | Create | Militia |
| 21:24 | Create | Militia |
| 21:27 | Research | Forging |
| 21:42 | Create | Militia |
| 22:07 | Create | Villager (Male) |
| 22:09 | Build | Farm |
| 22:09 | Create | Villager (Male) |
| 22:10 | Create | Villager (Male) |
| 22:11 | Build | Farm |
| 22:12 | Create | Villager (Male) |
Match timeline
| 0:23 | Lina · first_building Barracks |
| 5:31 | Clearlove · first_building Barracks |
| 6:50 | Clearlove · wall_segment Palisade Wall x1 |
| 9:06 | Lina · wall_segment Palisade Wall x4 |
| 9:13 | Lina · wall_segment Palisade Wall x3 |
| 9:14 | Lina · wall_segment Palisade Wall x2 |
| 9:21 | Clearlove · age_up feudal |
| 9:42 | Lina · wall_segment Palisade Wall x3 |
| 9:43 | Lina · wall_segment Palisade Wall x1 |
| 9:54 | Lina · wall_segment Palisade Wall x1 |
| 10:13 | Clearlove · wall_segment Palisade Wall x1 |
| 10:15 | Clearlove · wall_segment Palisade Wall x1 |
| 10:56 | Lina · age_up feudal |
| 11:07 | Lina · wall_segment Palisade Wall x2 |
| 11:11 | Lina · wall_segment Palisade Wall x1 |
| 11:14 | Lina · wall_segment Palisade Wall x2 |
| 11:16 | Lina · wall_segment Palisade Wall x1 |
| 11:47 | Lina · first_building Archery Range |
| 11:53 | Clearlove · first_building Archery Range |
| 13:22 | Lina · wall_segment Palisade Wall x5 |
| 13:37 | Clearlove · wall_segment Palisade Wall x3 |
| 13:49 | Lina · wall_segment Palisade Wall x1 |
| 14:05 | Clearlove · wall_segment Palisade Wall x1 |
| 14:12 | Lina · wall_segment Palisade Wall x1 |
| 15:07 | Lina · wall_segment Palisade Wall x2 |
| 17:45 | Lina · wall_segment Palisade Wall x1 |
| 18:10 | Lina · wall_segment Palisade Wall x1 |
| 18:32 | Clearlove · wall_segment Palisade Wall x1 |
| 18:36 | Clearlove · wall_segment Palisade Wall x6 |
| 19:03 | Clearlove · wall_segment Palisade Wall x1 |
| 19:10 | Clearlove · wall_segment Palisade Wall x1 |
| 20:00 | Lina · wall_segment Palisade Wall x3 |
| 20:20 | Lina · wall_segment Palisade Wall x1 |
| 20:22 | Lina · wall_segment Palisade Wall x1 |
| 20:32 | Clearlove · first_market_sell 100 food |
| 20:35 | Clearlove · wall_segment Palisade Wall x1 |
| 20:37 | Clearlove · wall_segment Palisade Wall x1 |
| 21:08 | Lina · wall_segment Palisade Wall x1 |
| 21:09 | Lina · wall_segment Palisade Wall x1 |
| 22:45 | Lina · first_market_buy 100 food |
| 23:12 | Clearlove · age_up castle |
| 23:16 | Clearlove · first_building Siege Workshop |
| 24:11 | Clearlove · wall_segment Palisade Wall x1 |
| 24:13 | Clearlove · wall_segment Palisade Wall x1 |
| 24:14 | Clearlove · wall_segment Palisade Wall x1 |
| 25:33 | Lina · age_up castle |
| 25:43 | Lina · first_market_sell 500 wood |
| 25:50 | Lina · first_building Castle |
| 27:14 | Lina · wall_segment Stone Wall x1 |
| 27:36 | Lina · wall_segment Stone Wall x1 |
| 28:57 | Lina · resign |
[ AI ANALYSIS · 1 CREDIT ]
What really happened in this match?
Wolo.gg analyzes every decision: build order, eco, micro, common mistakes by bracket. Personalized analysis on WhatsApp or Discord in 30 seconds.
Civ guide
Tupi
Perfil
Jugador #299269